[Event "Late-Titled-Tuesday-Blitz-May-28-2024"]
[Site "Chess.com"]
[Date "2024.05.28"]
[Round "4"]
[White "penguingm1"]
[Black "GlavkonVVS"]
[Result "1-0"]
[WhiteElo "2946"]
[BlackElo "2580"]
[TimeControl "180+1"]
[EndTime "14:37:45 PDT"]
[Termination "penguingm1 won on time"]

1. d4 Nf6 2. c4 c5 3. d5 e6 4. Nc3 exd5 5. cxd5 d6 6. e4 g6 7. Nge2 Bg7 8. Ng3 O-O 9. Be2 Re8 10. O-O a6 11. a4 Nbd7 12. h3 Rb8 13. Bg5 Qc7 14.
Qd2 c4 15. Rac1 b5 16. axb5 axb5 17. b4 Ne5 18. f4 Qb6+ 19. Kh2 Ned7 20. e5 dxe5 21. f5 e4 22. Be3 Qd6 23. Bf4 Ne5 24. Ncxe4 Nxe4 25. Nxe4 Qd8 26. fxg6 hxg6 27. Bg5 Qb6 28.
Nf6+ Bxf6 29. Bxf6 Qd6 30. Kh1 Kh7 31. Qg5 Ng4 32. Bxg4 Qg3 33. Rc3 1-0

[Event "Late-Titled-Tuesday-Blitz-May-28-2024"]
[Site "Chess.com"]
[Date "2024.05.28"]
[Round "4"]
[White "Felix-Rose"]
[Black "TokChess"]
[Result "1-0"]
[WhiteElo "2289"]
[BlackElo "2502"]
[TimeControl "180+1"]
[EndTime "14:37:45 PDT"]
[Termination "Felix-Rose won by resignation"]

1. e4 c5 2. Nf3 e6 3. d4 cxd4 4. Nxd4 a6 5. c4 Nf6 6. Nc3 Qc7 7. a3 b6 8. Be3 Bb7 9. f3 d6 10. Rc1 Nbd7 11. b4 Be7 12. Be2 O-O 13. O-O Kh8 14.
Qd2 Rac8 15. Rfd1 Qb8 16. Bf1 Bd8 17. Nb3 Bc7 18. a4 d5 19. cxd5 Bxh2+ 20. Kh1 exd5 21. Nxd5 Nxd5 22. exd5 Bd6 23. Nd4 Rxc1 24. Rxc1 Nf6 25. Nc6 Qc7 26. Na5 Qd7 27. Nxb7 Qxb7 28. Rc6 Qe7 29.
Rxb6 Qe5 30. Rxd6 Qxd6 31. Bc5 Qd8 32. Bxf8 Qxf8 33. Bxa6 Qd6 34. Bc4 Nh5 35. a5 Ng3+ 36. Kg1 Qf6 37. Qe3 Qa1+ 38. Kh2 Nf1+ 39. Bxf1 1-0

[Event "Late-Titled-Tuesday-Blitz-May-28-2024"]
[Site "Chess.com"]
[Date "2024.05.28"]
[Round "4"]
[White "Balla_Tamas"]
[Black "cthake"]
[Result "1-0"]
[WhiteElo "2448"]
[BlackElo "1764"]
[TimeControl "180+1"]
[EndTime "14:37:48 PDT"]
[Termination "Balla_Tamas won by checkmate"]

1. e4 c5 2. c3 d5 3. exd5 Qxd5 4.
d4 cxd4 5. cxd4 Nf6 6. Nf3 Bg4 7.
Nc3 Qd8 8. Be3 e6 9. Bb5+ Nc6 10. h3 Bh5 11. g4 Bg6 12. Ne5 Rc8 13. Qa4 Qc7 14.
Qxa7 Bb4 15. O-O O-O 16. Bxc6 bxc6 17. Qxc7 Rxc7 18. Rac1 h5 19. a3 Bd6 20. Bf4 Bxe5 21. Bxe5 Rb7 22. Bxf6 gxf6 23. gxh5 Bxh5 24. b4 Rd8 25. Ne4 Kg7 26. Nc5 Ra7 27. Rc3 Rxd4 28.
Rg3+ Kf8 29. Kh2 Bg6 30. Re1 e5 31. Rxg6 Rxa3 32. Rxf6 Kg7 33. Rf5 Rxb4 34. Rexe5 Rb2 35. Re7 Raa2 36. Rexf7+ Kg6 37. R7f6+ Kg7 38. Ne6+ Kh7 39.
Rf7+ Kg6 40. R5f6+ Kh5 41. Rh7# 1-0

[Event "Late-Titled-Tuesday-Blitz-May-28-2024"]
[Site "Chess.com"]
[Date "2024.05.28"]
[Round "4"]
[White "NowInChess"]
[Black "topce"]
[Result "0-1"]
[WhiteElo "2215"]
[BlackElo "2388"]
[TimeControl "180+1"]
[EndTime "14:37:52 PDT"]
[Termination "topce won on time"]

1. e4 c5 2. d3 Nc6 3. g3 g6 4.
Bg2 Bg7 5. f4 d6 6. Nf3 Bd7 7.
O-O Qc8 8. Nc3 Bh3 9. Be3 h5 10. Nh4 Bg4 11. Qd2 Nd4 12. Rf2 Rb8 13. Raf1 Bf6 14. f5 gxf5 15. h3 Bxh4 16. gxh4 f4 17. Rxf4 Bxh3 18. Rxf7 Nf6 19. R7xf6 exf6 20. Nd5 Rf8 21.
Nxf6+ Rxf6 22. Rxf6 Qg4 23. Bxd4 cxd4 24. Rxd6 Ke7 25.
Rxd4 Rg8 26. Qb4+ Ke8 27. Qb5+ Kf7 28. Rd7+ Qxd7 29. Qxd7+ Bxd7 30. Kf2 Rg4 31. Bh3 Rxh4 32. Bxd7 Rh2+ 33. Kg3 Rxc2 34. Bf5 Rxb2 35. a4 Kf6 36. Kh4 Rb4 0-1

[Event "Late-Titled-Tuesday-Blitz-May-28-2024"]
[Site "Chess.com"]
[Date "2024.05.28"]
[Round "4"]
[White "Dacean99"]
[Black "kleinebeer98"]
[Result "1-0"]
[WhiteElo "2598"]
[BlackElo "2939"]
[TimeControl "180+1"]
[EndTime "14:37:54 PDT"]
[Termination "Dacean99 won by checkmate"]

1. e4 b6 2. d4 g6 3. Bd3 Bg7 4. Nf3 e6 5. Qe2 d6 6. O-O Ne7 7. c4 Bb7 8. Nc3 Nd7 9. h3 h6 10. Re1 c5 11. d5 e5 12. a3 g5 13. b4 Ng6 14. g3 Nf6 15. Nd2 Bc8 16. Kg2 Qd7 17. Rh1 h5 18. Nf1 Nf4+ 19. gxf4 gxf4 20. Rh2 h4 21. Nd2 Nh5 22. Nf3 Ng3 23. fxg3 hxg3 24. Rh1 a5 25. bxc5 bxc5 26. Bd2 Rxh3 27. Ng5 Rxh1 28. Rxh1 Rb8 29. Nb5 Bf6 30. Qh5 Ba6 31.
Qh6 Qe7 32. Nc7+ Kd7 33. Nxa6 Rb2 34. Nf3 Kc8 35. Rh5 Kb7 36. Rf5 Bh4 37. Qh7 Kxa6 38. Rxf7 Qd8 39. Kh3 Qc8+ 40. Kxh4 Qb8 41. Rc7 Qd8+ 42.
Kh5 Qb8 43. Rc6+ Rb6 44. Rxb6+ Qxb6 45. Qd7 g2 46. Qb5+ Qxb5 47. cxb5+ Kb6 48. Bc4 a4 49. Kg4 Kc7 50. Kh3 g1=Q 51. Nxg1 Kb6 52. Nf3 Kc7 53. Kg4 Kb6 54. Kf5 Kc7 55. Ke6 Kb6 56. Kxd6 Ka7 57.
Kxc5 Kb7 58. Kd6 Kb6 59. Bb4 Kb7 60. Kxe5 Kb6 61. Kxf4 Kb7 62. Ke5 Kb6 63. d6 Kb7 64.
Ke6 Kb6 65. d7 Kb7 66. Ke7 Kc7 67. d8=Q+ Kb7 68. Bd5+ Ka7 69. Bc5# 1-0

[Event "Late-Titled-Tuesday-Blitz-May-28-2024"]
[Site "Chess.com"]
[Date "2024.05.28"]
[Round "4"]
[White "ChessLebaneseSalah"]
[Black "MarcoRiehle"]
[Result "0-1"]
[WhiteElo "2551"]
[BlackElo "2782"]
[TimeControl "180+1"]
[EndTime "14:37:54 PDT"]
[Termination "MarcoRiehle won by resignation"]

1. d4 e6 2. c4 d5 3. Nf3 Nf6 4. Nc3 dxc4 5. e4 b5 6. e5 Nd5 7. Nxb5 Nb6 8. Be3 Bb7 9. Bxc4 Nxc4 10. Qa4 Nb6 11. Nxc7+ Ke7 12. Bg5+ f6 13. exf6+ gxf6 14. Qa5 Qxc7 15. Bxf6+ Kxf6 16. Qg5+ Kf7 17. Ne5+ Ke8 18.
Qh5+ Kd8 19. Nf7+ Kc8 20. Nxh8 Bb4+ 21. Kf1 Qc6 22. Qg5 Qe4 23. Rc1+ Nc6 24. Nf7 Kd7 25. Ne5+ Nxe5 26. Qg7+ Ke8 27. dxe5 Rd8 28. Qh8+ Bf8 29. Qf6 Qxg2+ 30. Ke1 Qxh1+ 31. Ke2 Qe4+ 32. Kf1 Qg2+ 33. Ke2 Ba6+ 34. Ke3 Nd5+ 35. Kd4 Nxf6+ 0-1

[Event "Late-Titled-Tuesday-Blitz-May-28-2024"]
[Site "Chess.com"]
[Date "2024.05.28"]
[Round "4"]
[White "ahkashefi2800"]
[Black "Iball95"]
[Result "0-1"]
[WhiteElo "2561"]
[BlackElo "2847"]
[TimeControl "180+1"]
[EndTime "14:37:58 PDT"]
[Termination "Iball95 won on time"]

1. d4 d5 2. c4 e6 3. Nc3 c5 4. cxd5 cxd4 5. Qxd4 Nc6 6. Qa4 exd5 7.
e3 Nf6 8. Nf3 Bb4 9. Bb5 O-O 10.
O-O Qe7 11. Ne2 Bd7 12. Ned4 Rfc8 13. a3 Bd6 14. Nxc6 bxc6 15. Ba6 Rc7 16. Qh4 Re8 17. Bd2 Qf8 18. Ba5 Re4 19. Bxc7 Bxc7 20. Qg5 h6 21. Qh4 Rxh4 22. Nxh4 Ne4 23. Rac1 Qd6 24. Nf3 Nd2 25. Rfd1 Nxf3+ 26. gxf3 Qxh2+ 27. Kf1 Qe5 28. Rd2 Bb6 29. b4 h5 30. Ke2 h4 31. Bd3 h3 32. a4 g6 33. a5 Bd8 34. Rh1 Be7 35. f4 Qh5+ 36. f3 Bxb4 37. Rb2 c5 38. a6 Qh4 39. Rbb1 Qf6 40. f5 Bxf5 41. Bxf5 Qxf5 42. Rbc1 Qe6 43. Kf2 Bd2 0-1

[Event "Late-Titled-Tuesday-Blitz-May-28-2024"]
[Site "Chess.com"]
[Date "2024.05.28"]
[Round "4"]
[White "ManMish2"]
[Black "lrjchess"]
[Result "1-0"]
[WhiteElo "2673"]
[BlackElo "2487"]
[TimeControl "180+1"]
[EndTime "14:37:58 PDT"]
[Termination "ManMish2 won by resignation"]

1. e4 d5 2. exd5 Nf6 3. d4 Bg4 4. f3 Bf5 5. Bd3 Qxd5 6. Ne2 Bxd3 7. Qxd3 Nc6 8. c4 Ne5 9. Qb3 Nxc4 10. Nbc3 Qc6 11.
Bf4 Nd6 12. Rc1 Qb6 13. Qc2 e6 14. Na4 Qa5+ 15. Bd2 Qa6 16. Nc5 Qc6 17. O-O Nf5 18. Rfe1 b6 19. Ne4 Qxc2 20. Nxf6+ gxf6 21. Rxc2 Bd6 22. d5 Kd7 23. Nf4 Bxf4 24. Bxf4 e5 25. Bd2 Rac8 26. Rc6 Nd6 27. Bb4 Rhg8 28. Rec1 h5 29.
h4 f5 30. Kf2 e4 31. Bc3 Rg6 32. Be5 Ne8 33. Bf4 exf3 34. Kxf3 Rxc6 35. Rxc6 Nd6 36.
Bxd6 cxd6 37. Rxc8 Kxc8 38. Kf4 b5 39. b4 Kd7 40.
Kxf5 Ke7 41. Kg5 1-0

[Event "Late-Titled-Tuesday-Blitz-May-28-2024"]
[Site "Chess.com"]
[Date "2024.05.28"]
[Round "4"]
[White "mostafa_sakha"]
[Black "KingCyber19"]
[Result "1-0"]
[WhiteElo "2369"]
[BlackElo "2612"]
[TimeControl "180+1"]
[EndTime "14:37:58 PDT"]
[Termination "mostafa_sakha won by checkmate"]

1. d4 d5 2. c4 dxc4 3. e3 e6 4. Bxc4 Nf6 5. Nf3 c5 6. O-O a6 7.
b3 b5 8. Be2 cxd4 9. Nxd4 Bb7 10. Bb2 Be7 11. a4 bxa4 12. Rxa4 O-O 13. Bf3 Bxf3 14.
Qxf3 Ra7 15. Nc3 Qb6 16. Rfa1 Bc5 17. h4 e5 18. Nf5 Qxb3 19. R1a2 Nbd7 20. h5 g6 21. hxg6 fxg6 22. Nh6+ Kg7 23. Rh4 Nh5 24. Qh3 Kxh6 25. g4 Qc2 26. Ba1 Qc1+ 27. Kg2 Nf6 28. gxh5 gxh5 29. Ne4 Nxe4 30. Rxh5+ Kg6 31. Qg4+ Kf7 32.
Rxh7+ Ke8 33. Qc8# 1-0

[Event "Late-Titled-Tuesday-Blitz-May-28-2024"]
[Site "Chess.com"]
[Date "2024.05.28"]
[Round "4"]
[White "WindWhistler11"]
[Black "jbking07"]
[Result "1-0"]
[WhiteElo "2533"]
[BlackElo "2358"]
[TimeControl "180+1"]
[EndTime "14:37:59 PDT"]
[Termination "WindWhistler11 won by resignation"]

1. Nf3 c5 2. g3 b6 3. Bg2 Bb7 4. b3 g6 5. Bb2 Nf6 6. d4 cxd4 7.
Bxd4 Bg7 8. Bb2 O-O 9. O-O d6 10. c4 Nbd7 11. Nc3 a6 12. Rc1 Nc5 13. Qc2 Rc8 14. Rfd1 h5 15. Qb1 a5 16. Ba1 Nce4 17.
Nb5 Ng4 18. Rf1 Bxa1 19. Qxa1 Nc5 20. Rfd1 Qd7 21. Bh3 Qf5 22. Nbd4 Qe4 23. Bg2 Rfd8 24. Rc3 d5 25. h3 Nf6 26. Re3 dxc4 27. Rxe4 Ncxe4 28. bxc4 Rxc4 29. Rc1 Nc3 30. Kh2 Rdc8 31. e3 Nce4 32. Rxc4 Rxc4 33. Kg1 a4 34. Qb1 Nd5 35. Ne5 Nec3 36. Qd3 Rc5 37. Nxg6 fxg6 38. Qxg6+ Kh8 39. Ne6 1-0

[Event "Late-Titled-Tuesday-Blitz-May-28-2024"]
[Site "Chess.com"]
[Date "2024.05.28"]
[Round "4"]
[White "ClauAmura"]
[Black "Maikrosoft63"]
[Result "0-1"]
[WhiteElo "2409"]
[BlackElo "2600"]
[TimeControl "180+1"]
[EndTime "14:38:01 PDT"]
[Termination "Maikrosoft63 won by resignation"]

1. d4 Nf6 2. Bg5 e6 3. e4 h6 4. Bxf6 Qxf6 5. Nc3 g6 6. Qd2 Bg7 7. O-O-O O-O 8. f4 d6 9. Nf3 Nd7 10. g4 Qe7 11. g5 h5 12. Bd3 c5 13. d5 Nb6 14. f5 exf5 15. exf5 Bxc3 16. Qxc3 Nxd5 17. Qb3 Qe3+ 18. Kb1 Qxf3 19. Rdf1 Qg2 20. Rhg1 Qxh2 21.
Qxd5 Qe5 22. Qxe5 dxe5 23. fxg6 fxg6 24. Rxf8+ Kxf8 25. Bxg6 Bg4 26. Re1 Rd8 27. b4 cxb4 28. Rxe5 Kg7 29. Be4 Rd7 30. g6 h4 31. Rg5 Be6 32. Rh5 h3 33. Kb2 Rd4 34. Bxb7 Kxg6 35. Rh8 Kg5 36. a3 bxa3+ 37. Kxa3 Rh4 38. Re8 Kf6 39. Rf8+ Ke7 40. Rf1 h2 41. Bh1 Kd6 42. Re1 Bd7 43. c4 Bc6 44. c5+ Kc7 45. Re7+ Kd8 46.
Re1 Bxh1 47. Rxh1 Kc7 0-1

[Event "Late-Titled-Tuesday-Blitz-May-28-2024"]
[Site "Chess.com"]
[Date "2024.05.28"]
[Round "4"]
[White "jaramsdal"]
[Black "terrortoast"]
[Result "1-0"]
[WhiteElo "2414"]
[BlackElo "2618"]
[TimeControl "180+1"]
[EndTime "14:38:03 PDT"]
[Termination "jaramsdal won by resignation"]

1. e4 c6 2. Nf3 d5 3. exd5 cxd5 4.
Ne5 Nc6 5. Bb5 Bd7 6. Nxd7 Qxd7 7. O-O e6 8. d4 Bd6 9. c3 Nf6 10. Bg5 Qc7 11. h3 Ne4 12. Be3 O-O 13. Nd2 f5 14.
Nxe4 fxe4 15. Qg4 Rf5 16. f3 exf3 17. Rxf3 Raf8 18. Raf1 Ne7 19. Bd3 Rxf3 20. Rxf3 Rxf3 21. Qxf3 Qc8 22. Qh5 Nf5 23. Bf2 Qf8 24. Qf3 Qf7 25. g4 Ng3 26. Bxh7+ Kf8 27. Qxf7+ Kxf7 28. Bd3 Ne4 29.
Bxe4 dxe4 30. Kf1 Bf4 31. Ke2 g5 32. h4 gxh4 33. Bxh4 Kg6 34. c4 a6 35. a4 Kf7 36. b4 Ke8 37. b5 Kd7 38. g5 axb5 39. axb5 Ke8 40. g6 Kf8 41. Bf6 Kg8 42. c5 Kf8 43.
Be5 Bg5 44. c6 bxc6 45. b6 Bh6 46. b7 1-0

[Event "Late-Titled-Tuesday-Blitz-May-28-2024"]
[Site "Chess.com"]
[Date "2024.05.28"]
[Round "4"]
[White "ViktoriyaTarasova"]
[Black "dennisodessa"]
[Result "0-1"]
[WhiteElo "2395"]
[BlackElo "2555"]
[TimeControl "180+1"]
[EndTime "14:38:06 PDT"]
[Termination "dennisodessa won by resignation"]

1. d4 Nf6 2. c4 e6 3. Nc3 Bb4 4. e3 b6 5. Ne2 Bb7 6. a3 Bd6 7. d5 O-O 8. e4 Be5 9. f4 Bxc3+ 10.
Nxc3 Re8 11. Be2 exd5 12. exd5 a5 13. O-O Na6 14. Bf3 Nc5 15. b3 a4 16. b4 Nb3 17.
Rb1 Nxc1 18. Rxc1 Re3 19. Qd4 Qe7 20. Nb5 d6 21. c5 bxc5 22. bxc5 Ba6 23. cxd6 cxd6 24.
Rc7 Nd7 25. Qxa4 Re1 26. Qc4 Qe3+ 27. Kh1 Nb6 0-1

[Event "Late-Titled-Tuesday-Blitz-May-28-2024"]
[Site "Chess.com"]
[Date "2024.05.28"]
[Round "4"]
[White "Hikaru"]
[Black "temus_galaktionov"]
[Result "1-0"]
[WhiteElo "3214"]
[BlackElo "2877"]
[TimeControl "180+1"]
[EndTime "14:38:07 PDT"]
[Termination "Hikaru won by resignation"]

1. Nf3 c6 2. e4 g6 3. Nc3 Bg7 4. d4 d6 5. Bc4 b5 6. Bb3 a5 7. a3 e6 8. e5 d5 9. h4 h6 10. Ne2 Ba6 11. c3 Nd7 12. Bc2 c5 13. Be3 Qc7 14. b4 cxb4 15. cxb4 Ne7 16. Rc1 Nc6 17.
Nf4 axb4 18. axb4 Bf8 19. O-O Bxb4 20. Bxg6 fxg6 21. Qc2 Nf8 22. Qxc6+ Qxc6 23. Rxc6 Bc8 24. Nd3 Bd7 25. Rc2 Be7 26. Rb1 Nh7 27. Bxh6 Kf7 28. Rc7 Rhd8 29. Bg5 Nxg5 30. Nxg5+ Ke8 31. Nf4 Bxg5 32.
hxg5 Rac8 33. Rb7 Rc4 34. Rd1 Ra8 35. Nxg6 Raa4 36. Rd3 Rxd4 37. Rf3 Ra1+ 38. Kh2 Kd8 39. Rf8+ Be8 40. Re7 1-0

[Event "Late-Titled-Tuesday-Blitz-May-28-2024"]
[Site "Chess.com"]
[Date "2024.05.28"]
[Round "4"]
[White "Truequitos"]
[Black "Mikhail_Bryakin"]
[Result "0-1"]
[WhiteElo "2558"]
[BlackElo "2845"]
[TimeControl "180+1"]
[EndTime "14:38:08 PDT"]
[Termination "Mikhail_Bryakin won on time"]

1. d4 Nf6 2. Nf3 g6 3. Bf4 d6 4. Nc3 Bg7 5. Qd2 O-O 6. Bh6 Nbd7 7. h4 e5 8. dxe5 Nxe5 9. Bxg7 Kxg7 10. O-O-O Nxf3 11. gxf3 h6 12. e4 Be6 13. Qd4 c5 14. Qxd6 Qxd6 15. Rxd6 Rfd8 16. Rxd8 Rxd8 17. Bh3 Nh5 18.
Bxe6 fxe6 19. Ne2 Kf6 20. f4 e5 21. fxe5+ Kxe5 22. Rg1 Rd6 23. Rg4 Nf6 24. Rxg6 Nxe4 25. Rxd6 Nxd6 26. Kd2 Nf5 27. h5 Ke4 28. Ng1 Ng7 29.
f3+ Kf4 30. Ke2 Nxh5 31. Nh3+ Kg3 32. Ng1 Nf4+ 33. Ke3 h5 34. Ke4 h4 35. c4 Nh3 36.
Ne2+ Kf2 37. Nc3 Ng5+ 38. Kf4 Nxf3 39. Ne4+ Kg2 40. Kg4 h3 41. Ng3 h2 42. Nh1 Kxh1 43.
Kxf3 Kg1 44. Kg3 h1=Q 0-1

[Event "Late-Titled-Tuesday-Blitz-May-28-2024"]
[Site "Chess.com"]
[Date "2024.05.28"]
[Round "4"]
[White "Cambek64"]
[Black "dozer80"]
[Result "0-1"]
[WhiteElo "2512"]
[BlackElo "2699"]
[TimeControl "180+1"]
[EndTime "14:38:08 PDT"]
[Termination "dozer80 won by resignation"]

1. e3 c5 2. d4 e6 3. Nf3 Nf6 4. c4 d5 5. Nc3 Nc6 6. a3 cxd4 7. exd4 Be7 8. Bd3 dxc4 9. Bxc4 O-O 10. O-O b6 11. d5 exd5 12. Nxd5 Bb7 13. Nxe7+ Nxe7 14. Qxd8 Raxd8 15. Bg5 Bxf3 16. Bxf6 gxf6 17. gxf3 Ng6 18. Rfd1 Kg7 19. Kf1 Rfe8 20. Bd3 Ne5 21. Be2 f5 22. Rac1 Rxd1+ 23. Rxd1 Rc8 24. Ke1 Kf6 25. Rd6+ Ke7 26. Rd4 Rc2 27. Rd2 Rc1+ 28. Rd1 Rc5 29. Kd2 Ng6 30. Rc1 Rd5+ 31. Ke1 Kd6 32. Rc8 Nf4 33.
Bf1 Rc5 34. Rxc5 Kxc5 35. Kd2 Kd4 36. Bb5 h6 37. Be8 f6 38. Bf7 Nh3 39. Ke2 Ng1+ 40.
Kf1 Nxf3 41. Kg2 Ne1+ 42. Kg3 Nd3 43. Bg6 Ke5 44. h3 Nxb2 45. Kh4 Nd3 46. Kh5 Nxf2 47. Kxh6 Nxh3 48. Kg7 f4 49. Kf7 f3 0-1

[Event "Late-Titled-Tuesday-Blitz-May-28-2024"]
[Site "Chess.com"]
[Date "2024.05.28"]
[Round "4"]
[White "GoltsevDmitry2000"]
[Black "Dzidzik2203"]
[Result "0-1"]
[WhiteElo "2722"]
[BlackElo "2452"]
[TimeControl "180+1"]
[EndTime "14:38:09 PDT"]
[Termination "Dzidzik2203 won by checkmate"]

1. e4 c5 2. Nf3 d6 3. d4 cxd4 4. Nxd4 Nf6 5. Nc3 a6 6. Be2 e6 7. Bg5 Be7 8. Qd2 Qc7 9. O-O-O Nbd7 10. f4 b5 11. e5 dxe5 12. fxe5 Nxe5 13. Bf4 O-O 14.
Qe3 Nc4 15. Qf3 Qb7 16. Nc6 Bc5 17. b4 Bb6 18. a4 e5 19. Bg5 Bg4 20. Ne7+ Qxe7 21.
Nd5 Nxd5 22. Qxg4 Qxb4 23. Bxc4 Qa3+ 24. Kd2 bxc4 25. Ke1 Nf4 26. Rd2 Qc1+ 27. Qd1 Qxd1+ 28. Kxd1 f6 29. Bh4 Be3 30. Rd7 Rfd8 31. Rxd8+ Rxd8+ 32. Ke1 Rd2 33. Bg3 Rxc2 34. Bxf4 exf4 35. Rf1 Rd2 36.
g3 c3 37. Rxf4 Bxf4 38. gxf4 Rd5 39. a5 c2 40. f5 c1=Q+ 41. Kf2 Qf4+ 42. Kg2 Rd2+ 43.
Kh3 Rxh2# 0-1

[Event "Late-Titled-Tuesday-Blitz-May-28-2024"]
[Site "Chess.com"]
[Date "2024.05.28"]
[Round "4"]
[White "JaackCamel"]
[Black "Hakiki_satranc"]
[Result "1-0"]
[WhiteElo "2240"]
[BlackElo "2396"]
[TimeControl "180+1"]
[EndTime "14:38:09 PDT"]
[Termination "JaackCamel won by checkmate"]

1. d4 Nf6 2. c4 e6 3. Nc3 Bb4 4.
Qc2 d5 5. a3 Bxc3+ 6. Qxc3 O-O 7. Nf3 dxc4 8. Qxc4 b6 9. Bg5 Ba6 10. Qc2 Nbd7 11. e3 Bxf1 12. Kxf1 c5 13. dxc5 Rc8 14.
c6 Nc5 15. Rd1 Qc7 16. Bxf6 gxf6 17. Nd4 e5 18. Nf5 Kh8 19. b4 Ne6 20. b5 a6 21.
a4 axb5 22. axb5 Qa7 23. h4 Qa5 24. Qc4 Nc7 25. Nd6 Ra8 26. Rh3 Qa2 27. Qg4 Qe6 28. Qh5 Ra2 29. Rg3 Rg8 30. Nxf7+ Qxf7 31. Qxf7 Rxg3 32.
Rd8+ Rg8 33. Rxg8# 1-0

[Event "Late-Titled-Tuesday-Blitz-May-28-2024"]
[Site "Chess.com"]
[Date "2024.05.28"]
[Round "4"]
[White "Smoking_Crow"]
[Black "The_Machine04"]
[Result "1-0"]
[WhiteElo "2573"]
[BlackElo "2795"]
[TimeControl "180+1"]
[EndTime "14:38:10 PDT"]
[Termination "Smoking_Crow won by resignation"]

1. e4 d6 2. d4 Nf6 3. Nc3 e5 4. Nf3 Nbd7 5. Bc4 Be7 6. O-O c6 7. a4 h6 8. a5 Qc7 9. Be3 Nf8 10. Re1 Ng4 11. Bc1 Nf6 12. Qd3 Ng6 13. d5 O-O 14.
h3 Nh5 15. Qd1 Nhf4 16. Bf1 cxd5 17. exd5 a6 18. Kh2 Qd7 19. Na4 Bd8 20. b4 Qf5 21. Be3 e4 22. Nd4 Qe5 23. g3 Nxd5 24. Bc1 Nxb4 25.
Bb2 Qe8 26. Bg2 d5 27. Nb6 Bxb6 28. axb6 Nc6 29. Ba3 Nxd4 30. Qxd4 Qc6 31. Bxf8 Nxf8 32. c4 Qxc4 33. Qxc4 dxc4 34. Bxe4 Nd7 35. Rab1 a5 36. Rec1 Ne5 37. f4 Nd3 38. Rxc4 Nb4 39. Ra1 Na6 40.
Rxa5 Kf8 41. Rxa6 Rxa6 42. Rxc8+ Ke7 43. Rc7+ Kd6 44. Rxb7 f6 45. Rb8 g5 46. b7 Ra1 47.
Rd8+ Ke7 48. b8=Q Ra2+ 49. Bg2 1-0

[Event "Late-Titled-Tuesday-Blitz-May-28-2024"]
[Site "Chess.com"]
[Date "2024.05.28"]
[Round "4"]
[White "tusplingher"]
[Black "ural58"]
[Result "1/2-1/2"]
[WhiteElo "2561"]
[BlackElo "2418"]
[TimeControl "180+1"]
[EndTime "14:38:10 PDT"]
[Termination "Game drawn by agreement"]

1. c4 e5 2. a3 g6 3. d3 Bg7 4.
Nc3 b6 5. Nf3 Bb7 6. g3 Ne7 7. Bg2 O-O 8. O-O c5 9. Bd2 d6 10. b4 Nbc6 11. Rb1 Nd4 12. Nxd4 Bxg2 13. Kxg2 exd4 14. Ne4 h6 15. f3 Nf5 16. Bf4 g5 17. Bd2 Re8 18. bxc5 dxc5 19. a4 a5 20. Qb3 Re6 21. Qb5 Ne3+ 22. Bxe3 dxe3 23. g4 Be5 24. Qb3 Qd4 25. Qc2 Bc7 26. Qb2 Qxb2 27. Rxb2 Rf8 28. Ng3 Bxg3 29. hxg3 f5 30. gxf5 Rxf5 31.
Rfb1 Rff6 32. Rd1 Rd6 33. Rh1 Kg7 34. Rbb1 Rf5 35. Rb2 Rff6 36. Rhb1 h5 37. Rh1 Rh6 38. Rbb1 Rd8 39. Rbf1 Kf6 40. f4 g4 41. Rh4 Kf5 42.
Rfh1 Rdh8 43. Rb1 Rd8 44. Rbh1 Rdh8 45. Kh2 Rd8 46. Kg1 Kg6 47. Kg2 Rd6 48. Rf1 Rf6 49. Rd1 Rd6 50. Rdh1 Rf6 51. Rb1 Rd6 52. Rd1 Kf5 53.
Rdh1 Kg6 1/2-1/2

[Event "Late-Titled-Tuesday-Blitz-May-28-2024"]
[Site "Chess.com"]
[Date "2024.05.28"]
[Round "4"]
[White "FredddieCroderg"]
[Black "crazycheesecake"]
[Result "1-0"]
[WhiteElo "2285"]
[BlackElo "2128"]
[TimeControl "180+1"]
[EndTime "14:38:10 PDT"]
[Termination "FredddieCroderg won on time"]

1. e4 c5 2. Bc4 d6 3. Qf3 Nf6 4.
d3 Nc6 5. Nc3 a6 6. h3 Ne5 7. Qg3 Nxc4 8. dxc4 Be6 9. b3 Qa5 10.
Bd2 Qd8 11. f4 g6 12. e5 dxe5 13. fxe5 Nd7 14. O-O-O Bg7 15. Nf3 O-O 16. Bg5 Re8 17. Nd5 Bxd5 18. Rxd5 Qc7 19. Bf4 Qc6 20. Rhd1 Nf8 21.
Ng5 b5 22. e6 f6 23. Nf7 Nxe6 24. Nh6+ Bxh6 25. Bxh6 g5 26. h4 Kf7 27. hxg5 fxg5 28.
Bxg5 Nxg5 29. Qxg5 Rg8 30. Rf5+ Ke6 31. Re1+ Kd7 32.
Rxe7+ Kc8 33. Qxg8+ 1-0

[Event "Late-Titled-Tuesday-Blitz-May-28-2024"]
[Site "Chess.com"]
[Date "2024.05.28"]
[Round "4"]
[White "Oleksandr_Bortnyk"]
[Black "whiteshirt_boi"]
[Result "1-0"]
[WhiteElo "3025"]
[BlackElo "2798"]
[TimeControl "180+1"]
[EndTime "14:38:13 PDT"]
[Termination "Oleksandr_Bortnyk won by resignation"]

1. e4 e5 2. Nf3 Nc6 3. Bb5 a6 4. Ba4 d6 5. Nc3 Ne7 6. h3 Bd7 7. a3 g6 8. Bb3 Bg7 9. d3 O-O 10. Bg5 h6 11. Be3 Kh7 12. Qd2 f5 13. exf5 gxf5 14.
g3 f4 15. gxf4 exf4 16. Bxf4 Ng6 17. Ng5+ hxg5 18. Bxg5 Qe8+ 19. Be3 Nd4 20. O-O-O Bc6 21. Bxd4 Bxd4 22. Rhe1 Be5 23. Kb1 Bf3 24. d4 Bxd1 25. Qxd1 Rf5 26. dxe5 Rxe5 27. Rg1 Qe7 28. Nd5 Qh4 29.
Nxc7 Rf8 30. Qxd6 Qf6 31. Ne6 Re8 32. Ng5+ Rxg5 33. Qxf6 Rxg1+ 34. Ka2 Rf8 35. Qb6 Kh6 36. Bc4 Rxf2 37. Qxf2 1-0

[Event "Late-Titled-Tuesday-Blitz-May-28-2024"]
[Site "Chess.com"]
[Date "2024.05.28"]
[Round "4"]
[White "KejJaj"]
[Black "Kombinator01"]
[Result "0-1"]
[WhiteElo "2129"]
[BlackElo "2475"]
[TimeControl "180+1"]
[EndTime "14:38:13 PDT"]
[Termination "Kombinator01 won by resignation"]

1. d4 Nf6 2. Bf4 c5 3. d5 b5 4. c4 b4 5. Nd2 d6 6. e4 g6 7. Ngf3 Bg7 8. Be2 Nh5 9. Be3 Bxb2 10. Rb1 Bg7 11. h3 Nf6 12. O-O O-O 13. e5 Ne8 14.
Bf4 Nd7 15. exd6 Nxd6 16. Re1 a5 17. Bd3 Ba6 18. Ne5 Nxe5 19. Bxe5 a4 20. Bxg7 Kxg7 21. Qe2 Ra7 22. Qe5+ Kg8 23. h4 f6 24. Qe6+ Nf7 25. h5 Kg7 26. hxg6 hxg6 27. f4 Bc8 28. Qe2 Nd6 29. Ne4 Nxe4 30. Bxe4 Qd6 31. Qf3 Rh8 32. Kf2 Rh4 33. g3 Rh2+ 34. Ke3 Rxa2 35. Rbd1 Qd7 36. Rh1 Qg4 37. Qxg4 Bxg4 38. Rd2 Rxd2 39. Kxd2 a3 40. Ra1 Bf5 41. Bxf5 gxf5 42. Kc2 Kf7 43.
Kb3 Ra8 44. Ka2 Rg8 45. Rg1 Kg6 46. g4 fxg4 47. Rxg4+ Kf7 48. Rh4 Rg2+ 49. Ka1 b3 50.
Rh1 Rc2 51. Rd1 Rxc4 52. f5 Rf4 53. d6 exd6 54. Re1 Rxf5 55. Kb1 c4 56. Kc1 d5 57. Rd1 c3 58. Re1 d4 59. Rd1 Rf2 0-1

[Event "Late-Titled-Tuesday-Blitz-May-28-2024"]
[Site "Chess.com"]
[Date "2024.05.28"]
[Round "4"]
[White "Bryanl106"]
[Black "jcibarra"]
[Result "1-0"]
[WhiteElo "2700"]
[BlackElo "2898"]
[TimeControl "180+1"]
[EndTime "14:38:14 PDT"]
[Termination "Bryanl106 won by checkmate"]

1. e4 c5 2. Nf3 Nc6 3. d4 cxd4 4. Nxd4 e6 5. Nc3 Bc5 6. Nb3 Bb4 7. Bd2 Nf6 8. Bd3 d5 9. exd5 Nxd5 10. Qg4 O-O 11. O-O Nxc3 12. bxc3 Bd6 13. Qh3 g6 14. Bh6 Re8 15.
Rad1 Qe7 16. Be4 e5 17. Qf3 Be6 18. Rxd6 Bxb3 19. Rxc6 bxc6 20. axb3 Rac8 21. Rd1 Qe6 22. Qe2 Red8 23. h3 Qf6 24. Be3 Qe7 25. Rxd8+ Rxd8 26. Bxc6 Rc8 27. Bd5 Kg7 28. c4 Qf6 29. c5 Rd8 30. c4 a5 31. g3 Rb8 32. Qd3 Rd8 33. Qc3 Qf5 34. Qxa5 Rb8 35. b4 Qb1+ 36. Kg2 Rxb4 37. Qc7 Qa1 38. Qxf7+ Kh8 39. Qe8+ Kg7 40. Qd7+ Kf6 41.
Qe6+ Kg7 42. Qg8+ Kf6 43. Qf7# 1-0

[Event "Late-Titled-Tuesday-Blitz-May-28-2024"]
[Site "Chess.com"]
[Date "2024.05.28"]
[Round "4"]
[White "nocnypako"]
[Black "LastGladiator1"]
[Result "0-1"]
[WhiteElo "2703"]
[BlackElo "2994"]
[TimeControl "180+1"]
[EndTime "14:38:15 PDT"]
[Termination "LastGladiator1 won by resignation"]

1. d4 Nf6 2. Bf4 d5 3. e3 a6 4. Nf3 Bf5 5. c3 e6 6. Bd3 Bd6 7. Bg3 O-O 8. O-O Ne4 9. Qe2 Bg4 10. Nbd2 f5 11. c4 Nc6 12. Bxd6 Qxd6 13. a3 Rf6 14. c5 Qe7 15. h3 Nxd2 16. hxg4 Nxf1 17. g5 Ng3 18. fxg3 Rg6 19. b4 e5 20. Bxf5 e4 21.
Bxg6 exf3 22. Qxf3 hxg6 23. Qxd5+ Qf7 24. Qf3 Re8 25. d5 Ne5 26. Qe4 Qf5 27. Qxf5 gxf5 28. Rf1 Ng4 29. Rxf5 Rxe3 30. Rf4 Re1+ 31. Rf1 Rxf1+ 32.
Kxf1 Ne3+ 33. Ke2 Nxd5 34. Kd3 Kf7 35. Ke4 Ke6 0-1